 Dungeon Crawl Stone Soup version 0.17-a0-1804-gf6433eb (webtiles) character file.

203 shakdrar the Poker (level 5, -3/42 HPs)
             Began as a Merfolk Gladiator on Sept 11, 2015.
             Slain by an ice beast (6 damage)
             ... on level 6 of the Dungeon.
             The game lasted 00:08:51 (2528 turns).

shakdrar the Poker (Merfolk Gladiator)              Turns: 2528, Time: 00:08:51

Health: -3/42      AC:  9    Str: 16    XL:     5   Next: 81%
Magic:  5/5        EV: 15    Int:  7    God:
Gold:   85         SH:  0    Dex: 15    Spells: 0 memorised, 4 levels left

rFire  . . .     SeeInvis .     a - +0 trident
rCold  . . .     Clarity  .     b - +0 leather armour
rNeg   . . .     SustAt   .     (no shield)
rPois  .         Gourm    .     c - +0 helmet
rElec  .         Spirit   .     (no cloak)
rCorr  .         Warding  .     l - +0 pair of gloves
rMut   .         Stasis   .     (no boots)
MR     .....                    (no amulet)
Stlth  +.........               h - +3 ring of protection
                                g - +1 ring of protection

@: not resistant to hostile enchantments, very unstealthy
A: change form in water, swift swim
a: no special abilities


You were on level 6 of the Dungeon.
You were not hungry.

You visited 1 branch of the dungeon, and saw 5 of its levels.

You collected 85 gold pieces.

Inventory:

Hand weapons
 a - a +0 trident (weapon)
 j - a +3 mace
Missiles
 d - 3 throwing nets (quivered)
Armour
 b - a +0 leather armour (worn)
 c - a +0 helmet (worn)
 l - a +0 pair of gloves (worn)
Jewellery
 g - a +1 ring of protection (left hand)
 h - a +3 ring of protection (right hand)
Potions
 f - 2 potions of flight
 i - 3 potions of curing
Comestibles
 e - a bread ration


   Skills:
 + Level 4.0 Fighting
 + Level 6.2 Polearms
 - Level 2.0 Throwing
 + Level 5.9 Dodging


You had 4 spell levels left.
You didn't know any spells.

Dungeon Overview and Level Annotations

Branches:
Dungeon (7/15)
 Temple: D:4-7

Altars:
Ru


Message History

The black bear misses you. The black bear completely misses you.
The ice beast hits you but does no damage.
The gnoll hits you but does no damage.
You hit the black bear.
The black bear is severely wounded.
The black bear misses you. The black bear closely misses you.
The black bear completely misses you.
The ice beast hits you but does no damage.
The gnoll hits you with a whip.
* * * LOW HITPOINT WARNING * * *
You closely miss the black bear.
The black bear is severely wounded.
The black bear bites you.
* * * LOW HITPOINT WARNING * * *
The black bear claws you.
* * * LOW HITPOINT WARNING * * *
The black bear closely misses you. The ice beast hits you.
* * * LOW HITPOINT WARNING * * *
The ice beast freezes you.
You die...

#.........ยง..
#.....)......
#............
#......######
#......#
#......#
####gW.#
####hg.#
#..@Ya.#
#...g..#
#.(....#
#......#
#....?.#
########


You could see a phantom, a black bear, an ice beast, a worker ant and 3 gnolls.

Vanquished Creatures
  A giant frog (D:7)
  An orc priest (D:3)
  A hound (D:7)
  An adder (D:3)
  An ooze (D:1)
  2 giant geckos
  7 orcs (D:3)
  2 giant cockroaches
  8 goblins
  9 hobgoblins
  5 bats
  4 giant newts
  3 kobolds
  4 rats
49 creatures vanquished.

Notes
Turn   | Place    | Note
--------------------------------------------------------------
     0 | D:1      | shakdrar the Merfolk Gladiator began the quest for the Orb.
     0 | D:1      | Reached XP level 1. HP: 16/16 MP: 1/1
   202 | D:1      | Reached XP level 2. HP: 21/23 MP: 2/2
   749 | D:1      | Reached skill level 5 in Polearms
   749 | D:1      | Reached XP level 3. HP: 27/29 MP: 3/3
  1112 | D:2      | Found a sacrificial altar of Ru.
  2097 | D:3      | Reached skill level 5 in Dodging
  2097 | D:3      | Reached XP level 4. HP: 19/35 MP: 4/4
  2385 | D:3      | You fall through a shaft for 3 floors!
  2389 | D:6      | Noticed an ice beast
  2399 | D:6      | Noticed an ogre
  2428 | D:7      | Noticed a giant frog
  2441 | D:7      | Killed a giant frog
  2441 | D:7      | Reached skill level 6 in Polearms
  2441 | D:7      | Reached XP level 5. HP: 13/42 MP: 5/5
  2443 | D:7      | Noticed a giant frog
  2513 | D:6      | Noticed a black bear
  2515 | D:6      | Noticed a phantom
  2528 | D:6      | Slain by an ice beast

Vault maps used:
D:1:      dpeg_arrival_rooms_a
D:2:      minmay_bad_closet, hangedman_ru_absence
D:6:      basic_altar, nicolae_sextant

Action                   |  1- 3 |  4- 6 || total
-------------------------+-------+-------++-------
Melee: Trident           |   124 |    47 ||   171
  Use: Scroll            |     6 |       ||     6
       Potion            |     5 |       ||     5
 Stab: Sleeping          |     1 |       ||     1
  Eat: Bread ration      |     1 |       ||     1
       Beef jerky        |       |     1 ||     1
